 Dungeon Crawl Stone Soup version 0.26.0-18-gc5c842f807 (webtiles) character file.

Game seed: 17766854010317936493

445 zcampers the Skirmisher (level 6, -2/56 HPs)
             Began as a Minotaur Berserker on Jan 23, 2021.
             Was a Priest of Trog.
             Killed by divine providence
             ... invoked by an orc priest
              (12 damage)
             ... on level 5 of the Dungeon.
             The game lasted 00:03:02 (2524 turns).

zcampers the Skirmisher (Minotaur Berserker)        Turns: 2524, Time: 00:03:02

Health: -2/56      AC:  7    Str: 22    XL:     6   Next: 72%
Magic:  5/5        EV: 12    Int:  5    God:    Trog [***...]
Gold:   111        SH:  0    Dex: 10    Spells: 5/5 levels left

rFire    + . .     SeeInvis .   a - +0 hand axe
rCold    . . .     Faith    .   (no shield)
rNeg     . . .     Spirit   .   e - +0 ring mail
rPois    .         Reflect  .   (helmet restricted)
rElec    .         Harm     .   (no cloak)
rCorr    .         Rampage  .   c - +0 pair of gloves
Will     .....                  (no boots)
Stlth    ..........             (no amulet)
HPRegen  0.18/turn              l - ring of protection from fire
MPRegen  0.09/turn              (no ring)

@: mighty, berserk cooldown, slowed, very slow
A: retaliatory headbutt, horns 2
a: Renounce Religion, Berserk, Trog's Hand


You were on level 5 of the Dungeon.
You worshipped Trog.
Trog was most pleased with you.
You visited 1 branch of the dungeon, and saw 4 of its levels.

You collected 111 gold pieces.

Inventory:

Hand Weapons
 a - a +0 hand axe (weapon)
Armour
 c - a +0 pair of gloves (worn)
 e - a +0 ring mail (worn)
Jewellery
 l - a ring of protection from fire (left hand)
Wands
 h - a wand of polymorph (8)
Scrolls
 b - 2 scrolls of fear
 f - a scroll of teleportation {unknown}
 i - 5 scrolls of identify
Potions
 g - 4 potions of attraction


   Skills:
 + Level 5.5 Fighting
 + Level 5.5 Axes
 + Level 4.8 Armour
 + Level 4.4 Dodging


You had 5 spell levels left.
You didn't know any spells.
Your spell library was empty.

Dungeon Overview and Level Annotations

Branches:
Dungeon (3/15)

Altars:
Sif Muna
Vehumet

Shops:
D:5 (


Innate Abilities, Weirdness & Mutations

You reflexively headbutt those who attack you in melee.
You have a pair of horns on your head.


Message History

You feel sick.
The orc priest invokes the aid of Beogh against you.
Beogh smites you!
* * * LOW HITPOINT WARNING * * *
You barely miss the orc. The orc barely misses you.
The orc priest begins to cast a cantrip, but forgets the words!
A leopard gecko skeleton comes into view.
The orc closely misses you.
You barely miss the orc. You headbutt the orc!
You kill the orc!
Trog accepts your kill.
You barely miss the orc priest.
You feel sick.
You are no longer poisoned.
The orc priest hits you with a +0 flail.
* * * LOW HITPOINT WARNING * * *
You hit the orc priest.
The orc priest is lightly wounded.
The orc priest invokes the aid of Beogh against you.
Beogh smites you!
You die...

.# #......^# .# #####
#.......# .# ##### ...#
#.†.....# .## #...#
#.#######.......# ..#
##.>.# #...............#
#.###....#
#...............#
'..##...##..
#...............#
##.#....#..<
#.#######.#######
##.....###... #@# #.#
##...♣.# ..... #o# #.#
###....####.#.##)#######.#
# ##....#.......).......)(
# ##...##......Z.........
#....#................
##.>.#..∩...........
#...#..............
#####..............


You could see an orc priest and a leopard gecko skeleton.

Vanquished Creatures
  2 ogres (D:5)
  An orc priest (D:5)
  A bullfrog skeleton (D:5)
  2 orc wizards (D:5)
  7 adders
  A white imp (D:5)
  An ooze (D:3)
  An adder zombie (D:5)
  A worm (D:2)
  2 dart slugs
  2 leopard geckos
  5 orcs (D:5)
  4 giant cockroaches
  8 goblins
  7 hobgoblins
  7 jackals (D:2)
  7 kobolds
  4 quokkas (D:2)
  13 bats
  A frilled lizard (D:2)
  7 rats
84 creatures vanquished.

Notes
Turn   | Place    | Note
-------+----------+-------------------------------------------
     0 | D:1      | zcampers the Minotaur Berserker began the quest for the
                  | Orb.
     0 | D:1      | Reached XP level 1. HP: 19/19 MP: 0/0
   187 | D:1      | Reached XP level 2. HP: 22/27 MP: 1/1
   956 | D:2      | Reached XP level 3. HP: 33/33 MP: 2/2
  1225 | D:2      | Found a radiant altar of Vehumet.
  1230 | D:2      | Reached ** piety under Trog
  1576 | D:2      | Reached XP level 4. HP: 32/41 MP: 3/3
  1713 | D:2      | Found a shimmering blue altar of Sif Muna.
  2242 | D:3      | You fall into a shaft and drop 2 floors!
  2242 | D:5      | Entered Level 5 of the Dungeon
  2257 | D:5      | Reached XP level 5. HP: 43/47 MP: 4/4
  2346 | D:5      | Noticed an ogre
  2357 | D:5      | Killed an ogre
  2358 | D:5      | Reached skill level 5 in Fighting
  2358 | D:5      | Reached skill level 5 in Axes
  2493 | D:5      | Found Villopoupt's Weapon Shop.
  2493 | D:5      | Noticed an ogre
  2499 | D:5      | Reached XP level 6. HP: 56/56 MP: 5/5
  2519 | D:5      | Reached *** piety under Trog
  2524 | D:5      | Killed from afar by an orc priest

Illustrated notes

Levels and vault maps discovered:
D:1:      minmay_arrival_split_and_join, layout_basic, minmay_small_reverse_x
D:2:      layout_basic, vehumet_crystals, lemuel_blue_sif_altar,
          serial_co_window_serial, co_window_paths_a, co_window_paths_a,
          co_window_paths_b, co_window_paths_a, co_window_paths_a,
          co_window_corner_b, co_window_broadway_c, co_window_broadway_a,
          co_window_broadway_c, glass_columns_c, glass_columns_a,
          glass_columns_c, glass_columns_a
D:3:      layout_loops_ring, bloody_makhleb, kennysheep_generic_room_6
D:5:      layout_basic, lemuel_round_altar, serial_shops, kennysheep_mini, shop,
          grunt_ministairs_12

Skill      XL: |  1  2  3  4  5 |
---------------+----------------+-----
Axes           | 4 5 |  5.5
Armour         | 3 4 |  4.8
Fighting       | 4 5 |  5.5
Dodging        | 3 4 |  4.4

Action                   |  1- 3 |  4- 6 || total
-------------------------+-------+-------++-------
Melee: Hand axe          |    73 |    83 ||   156
       Headbutt          |    10 |    15 ||    25
Invok: Berserk           |       |     2 ||     2
       Trog's Hand       |       |     1 ||     1
  Use: Scroll            |     1 |     4 ||     5
       Potion            |       |     4 ||     4
Armor: Animal skin       |     5 |       ||     5
       Ring mail         |    39 |    33 ||    72
Dodge: Dodged            |    73 |    61 ||   134
